Cogmind - Beta 17 @@@ ROGUE MODE // 2026.07.08 @ 13:12:26 // Winter2019/RPGLIKE Player: Gallgagger Result: Self-destructed Performance ------------- Evolutions (5) 2500 Regions Visited (15) 3000 Robots Destroyed (498) 2490 Value Destroyed (23775) 23775 Prototype IDs (45) 900 Alien Tech Used (0) 0 Bonus (38661) 38661 TOTAL SCORE: 71326 Bonus ------- Triggered High Security 1000 High Alert Combat Kills 12050 Follower Combat Kills 1334 Prayed to X0-1V1 5000 Major X0-1V1 Interference 13800 Subatomizer Sterilization 3000 Entered Garrisons 200 Aligned with FarCom 300 MAIN.C Attacked Warlord 500 Warlord Defense Kills 2182 Friendly Fire -705 Cogmind --------- Core Integrity 569/1750 Matter 790/800 Energy 187/190 System Corruption 24% Temperature Cool (6) Movement Hovering (48) Location -5/Warlord Parts ------- > --- POWER (2) -------- Light Quantum Reactor > --- PROPULSION (4) --- Gravmag System Gravmag System Antigrav System Antigrav System > --- UTILITY (12) ----- Improved Melee Analysis Suite Improved Melee Analysis Suite Improved Melee Analysis Suite Improved Armor Integrity Analyzer Nanoactuators (fused) Makeshift Utility Shielding Makeshift Utility Shielding Makeshift Utility Shielding Centrium Light Armor Plating X0-1V1's Piety Tracker > --- WEAPON (3) ------- Companion Sword > --- INVENTORY (3) ---- CPS Tube (2) Peak State ------------ > --- POWER ------------ Light Fission Core Micro Fission Core > --- PROPULSION ------- Field Propulsion Drive Impulse Thruster Array Impulse Thruster Array > --- UTILITY ---------- Experimental Heat Sink Deep Structural Scanner Seismic Detector Improved Melee Analysis Suite Advanced Melee Analysis Suite Microactuators Improved Medium Armor Plating Layered Light Armor Plating Thermal Shield Corruption Screen X0-1V1's Piety Tracker > --- WEAPON ----------- Companion Sword > --- INVENTORY -------- Angular Momentum Engine Layered Light Armor Plating Heavy Flak Cannon [Rating: 111] Favorites ----------- Power Enhanced Fission Core Engine Improved Deuterium Engine Power Core Enhanced Fission Core Reactor Light Quantum Reactor Propulsion Flying Fortress v7 Treads Light Treads Leg Carbon-fiber Leg Hover Unit Hover Unit Flight Unit Flying Fortress v7 Utility Improved Melee Analysis Suite Device Microactuators Processor Improved Melee Analysis Suite Protection Reactive Plating Weapon Scimitar of Distortion Energy Gun Heavy Laser Energy Cannon Advanced Beam Cannon Ballistic Gun Assault Rifle Ballistic Cannon Mini Assault Cannon Launcher Rocket Launcher Impact Weapon Mace Slashing Weapon Scimitar of Distortion Piercing Weapon Makeshift Spear Build | -11 -10 -10 -10 -9 -8 -8 -8 -7 -7 -7 -7 -5 -5 -5 -5 ------- Run | Yrd Mat Min Exi Min Mat Gar Mat Fac Sto Rec Scr Fac Upp Upp War Slots Evolved 17 | 3 3 1 2 . 2 1 . 1 1 . 2 . . 1 . Power . | . . . . . . . . . . . . . . . . Propulsion 3 | 1 . . 2 . . . . . . . . . . . . Utility 12 | 2 3 1 . . 2 1 . 1 1 . . . . 1 . Weapon 2 | . . . . . . . . . . . 2 . . . . Parts Attached 128 | 6 8 9 1 4 10 2 6 7 11 3 3 25 6 9 18 Power 15 | 1 . 1 . 2 . . 1 5 . . . 3 1 . 1 Engine 6 | 1 . 1 . 1 . . 1 1 . . . . 1 . . Core 7 | . . . . 1 . . . 3 . . . 3 . . . Reactor 2 | . . . . . . . . 1 . . . . . . 1 Propulsion 26 | 2 3 2 1 . . . . . . . . 8 . 4 6 Treads 2 | 2 . . . . . . . . . . . . . . . Leg 2 | . . . . . . . . . . . . . . 2 . Wheel . | . . . . . . . . . . . . . . . . Hover 8 | . 2 . . . . . . . . . . . . . 6 Flight 14 | . 1 2 1 . . . . . . . . 8 . 2 . Utility 74 | 2 5 5 . 1 10 2 4 2 3 3 2 14 5 5 11 Device 33 | 2 2 1 . . 3 1 2 1 2 1 1 8 1 4 4 Storage . | . . . . . . . . . . . . . . . . Processor 18 | . 1 1 . . 1 . 2 1 1 1 1 2 3 1 3 Hackware . | . . . . . . . . . . . . . . . . Protection 23 | . 2 3 . 1 6 1 . . . 1 . 4 1 . 4 Artifact . | . . . . . . . . . . . . . . . . Weapon 13 | 1 . 1 . 1 . . 1 . 8 . 1 . . . . Energy Gun 4 | . . . . . . . . . 4 . . . . . . Energy Cannon 1 | . . . . . . . . . 1 . . . . . . Ballistic Gun 2 | 1 . 1 . . . . . . . . . . . . . Ballistic Cannon 1 | . . . . . . . . . 1 . . . . . . Launcher . | . . . . . . . . . . . . . . . . Special Weapon . | . . . . . . . . . . . . . . . . Impact Weapon 2 | . . . . . . . . . 2 . . . . . . Slashing Weapon 2 | . . . . . . . 1 . . . 1 . . . . Piercing Weapon 1 | . . . . 1 . . . . . . . . . . . Special Melee Weapon . | . . . . . . . . . . . . . . . . Unidentified Prototypes 18 | . 1 . . . . . 1 4 7 . 1 2 . . 2 Parts Lost 40 | . . 2 . 1 . 1 . . 2 2 2 14 2 1 13 Power 4 | . . . . . . . . . . . . 3 . . 1 Propulsion 5 | . . . . . . . . . . . . 3 . . 2 Utility 31 | . . 2 . 1 . 1 . . 2 2 2 8 2 1 10 Weapon . | . . . . . . . . . . . . . . . . Highest Loss Streak 5 | . . 1 . 1 . 1 . . 1 2 2 3 1 1 5 To Critical Strikes 2 | . . . . . . . . . . . . 2 . . . Average Backups 1 | . . . . 1 1 2 2 2 1 2 2 1 1 2 1 Power . | . . . . . . . . . . . . . . . . Propulsion . | . . . . . . . . . . . . . . . . Utility 1 | . . . . 1 1 2 2 2 1 1 2 1 1 1 . Weapon . | . . . . . . . . . . . . . . . . Tool/Special . | . . . . . . . . . . . . . . . . Unused Backups 24 | . . . . . 5 . 1 7 4 2 1 . 2 . 2 Power 1 | . . . . . . . . 1 . . . . . . . Propulsion 2 | . . . . . . . . 2 . . . . . . . Utility 8 | . . . . . 1 . . 2 2 2 1 . . . . Weapon 11 | . . . . . 4 . 1 2 2 . . . 2 . . Tool/Special 2 | . . . . . . . . . . . . . . . 2 Average Slot Usage (%) 78 | . 97 90 86 67 65 71 77 80 79 80 78 76 78 81 78 Engine 3 | . 12 9 7 6 . . . . . 3 4 3 4 4 1 Core 4 | . . . . . 6 5 5 5 4 5 4 5 5 4 3 Treads 1 | . 20 . . . . . . . . . . . . . . Flight 6 | . 4 3 12 7 6 5 6 5 4 5 4 11 10 9 4 Device 30 | . 34 33 16 15 24 30 31 38 31 32 31 32 25 28 22 Processor 15 | . 3 10 16 15 2 5 11 17 21 22 21 16 23 26 26 Protection 7 | . 9 5 24 13 16 14 15 5 8 4 4 2 5 . 1 Ballistic Gun 1 | . 12 9 7 4 . . . . . . . . . . . Slashing Weapon 3 | . . . . . . . 3 5 4 5 4 4 5 4 4 Piercing Weapon 1 | . . . . 2 6 5 2 . . . . . . . . Peak Build Rating 111 | 8 24 28 54 57 83 86 89 91 102 98 99 111 106 104 98 Average Rating 79 | 4 14 23 40 54 77 83 85 86 94 96 97 94 99 94 82 On Entrance 67 | . 8 24 24 54 57 83 86 82 88 92 98 99 100 96 95 Avg Prop Armor Cover (%) 13 | 26 15 7 . . . . . . . . . 35 . 5 9 Naked Turns . | . . . . . . . . . . . . . . . . Heaviest Build 59 | 7 14 15 15 15 59 45 49 40 48 42 42 41 39 48 30 Greatest Support 64 | 25 22 22 60 60 60 60 60 60 60 60 60 64 42 42 50 Greatest Overweight (x) 2 | . . . . . . . . 2 . . . 1 . 2 1 Average Overweight (x) . | . . . . . . . . . . . . . . . . Largest Inventory Capacity 3 | 1 1 1 1 1 3 3 3 3 3 3 3 3 3 3 3 Average Capacity 2 | 1 1 1 1 1 2 3 3 3 3 3 3 3 3 3 3 Most Carried 3 | . 1 1 1 1 3 3 3 3 3 3 3 3 3 3 3 Average Carried 1 | . . . . 1 1 2 2 2 2 2 2 2 2 2 2 Final Capacity 3 | 1 1 1 1 1 3 3 3 3 3 3 3 3 3 3 3 Final Carried 3 | . . . 1 1 3 2 3 2 2 2 2 3 2 3 1 Class Distribution -------------------- 68% | Mutant 17% | Scavenger-Mutant 7% | Commander-Mutant Dominant Class ---------------- Mutant | -10/Materials Mutant | -10/Mines Scavenger-Mutant | -10/Exiles Mutant | -9/Mines Mutant | -8/Materials Mutant | -8/Garrison Mutant | -8/Materials Mutant | -7/Factory Mutant | -7/Storage Mutant | -7/Recycling Commander-Mutant | -7/Scraptown Mutant | -5/Factory Scavenger-Mutant | -5/Upper Caves Scavenger-Mutant | -5/Upper Caves Scavenger-Mutant | -5/Warlord Resources | -11 -10 -10 -10 -9 -8 -8 -8 -7 -7 -7 -7 -5 -5 -5 -5 ----------- Run | Yrd Mat Min Exi Min Mat Gar Mat Fac Sto Rec Scr Fac Upp Upp War Matter Collected 9189 | 306 669 249 . 442 1120 34 80 500 1159 572 10 1745 778 711 814 Remotely . | . . . . . . . . . . . . . . . . Salvage Created 21082 | 155 1247 339 . 313 1798 1857 783 2488 2935 1111 98 4427 767 688 2076 Parts 1156 | 11 65 30 . 21 114 81 68 125 170 68 7 236 58 29 73 Haulers Intercepted 4 | . . . . . 1 . . 1 2 . . . . . . Recyclers Shooed 3 | 1 . . . 1 . . . . . 1 . . . . . Parts Field Recycled . | . . . . . . . . . . . . . . . . Retrieved Matter . | . . . . . . . . . . . . . . . . Parts Self-Destructed 61 | . . . . . . . . . . . . . 41 20 . Prevented 3 | . . . . . . . . . . . . . . 3 . Parts Restored . | . . . . . . . . . . . . . . . . Kills | -11 -10 -10 -10 -9 -8 -8 -8 -7 -7 -7 -7 -5 -5 -5 -5 ------- Run | Yrd Mat Min Exi Min Mat Gar Mat Fac Sto Rec Scr Fac Upp Upp War Combat Hostiles Destroyed 472 | . 28 15 . 7 46 34 30 67 76 19 3 81 17 14 35 Melee 385 | . . . . . 46 34 29 53 66 16 3 77 16 11 34 Guns 50 | . 28 15 . 7 . . . . . . . . . . . AOE 11 | . . . . . . . . 9 . 2 . . . . . Classes Destroyed 28 | 2 3 1 . 1 3 3 1 3 . . 3 1 2 1 4 Worker 5 | . . . . . 1 . . 1 . . . 3 . . . Tunneler 4 | 4 . . . . . . . . . . . . . . . Hauler 4 | . . . . . 1 . . 1 2 . . . . . . Recycler 3 | 1 . . . . . . . . . 2 . . . . . Carrier 1 | . . . . . . . . . . . . 1 . . . Operator 2 | . 1 . . . . . . . 1 . . . . . . Watcher 1 | . . . . . . . 1 . . . . . . . . Swarmer 71 | . . 4 . 2 . 3 7 16 4 . . 20 8 1 6 Cutter 3 | . . . . . . . . 3 . . . . . . . Grunt 214 | . 27 11 . 4 35 12 13 26 43 4 . 21 5 9 4 Brawler 12 | . . . . . . 1 . 1 5 . . 2 . . 3 Duelist 14 | . . . . 1 . . 2 1 3 2 . 1 3 1 . Protector 7 | . . . . . . . . 2 3 2 . . . . . Sentry 61 | . 1 . . . 9 12 6 5 9 9 . 10 . . . Demolisher 3 | . . . . . . 1 . . . 1 . 1 . . . Specialist 5 | . . . . . . . . 1 . . . 3 . . 1 Hunter 27 | . . . . . 2 . 2 5 3 . . 11 2 . 2 Programmer 32 | . . . . . . 5 . 7 6 1 . 12 . 1 . Behemoth 1 | . . . . . . . . . . . . . 1 . . Striker 1 | . . . . . . . . . . . . . . . 1 Executioner 1 | . . . . . . . . . . . . . . . 1 Bolteater 1 | . . . . . . . . . . . 1 . . . . Explorer 1 | . . . . . . . . . . . 1 . . . . Scrapper 1 | . . . . . . . . . . . 1 . . . . Master Thief 2 | . . . . . . . . . . . . . . 2 . Surgeon 1 | . . . . . . . . . . . . . . . 1 Thug 7 | . . . . 1 . . . . . . . . . . 6 Savage 1 | . . . . . . . . . . . . . . . 1 Butcher 1 | . . . . . . . . . . . . . . . 1 Wizard 5 | . . . . . . . . . . . . . . . 5 Mutant 4 | . . . . . . . . . . . . . 1 . 3 Commander 1 | . . . . . . . . . . . . . . . 1 Knight 1 | . . . . . . . . . . . . . . . 1 Best Kill Streak 11 | 3 5 2 . 3 6 6 9 10 11 5 1 10 4 6 5 Combat Bots Only 11 | . 5 2 . 3 6 6 9 8 11 5 1 9 4 6 5 Max Kills in Single Turn 10 | 1 1 1 . 1 1 1 1 10 1 2 1 1 2 1 2 Gunslinging . | . . . . . . . . . . . . . . . . Exploded 8 | . . . . . . . . 8 . 1 . . . . . Melee 2 | . . . . . 1 1 1 1 1 1 1 1 2 1 2 Uniques/NPCs Destroyed 1 | . . . . . . . . . . . 1 . . . . Triborg (-7/Scraptown) Combat | -11 -10 -10 -10 -9 -8 -8 -8 -7 -7 -7 -7 -5 -5 -5 -5 -------- Run | Yrd Mat Min Exi Min Mat Gar Mat Fac Sto Rec Scr Fac Upp Upp War Hostile Shots Fired 3035 | . 114 73 . 35 187 148 161 279 570 283 200 433 106 35 411 Missed 1438 | . 33 19 . 10 70 63 75 171 335 155 106 171 42 15 173 Hits 1597 | . 81 54 . 25 117 85 86 108 235 128 94 262 64 20 238 Melee 67 | . . . . 10 . 4 7 8 17 2 3 5 . 6 5 Projectile 1530 | . 81 54 . 15 117 81 79 100 218 126 91 257 64 14 233 AOE 23 | . . . . . . 5 1 1 4 6 . 6 . . . Critical Strikes 74 | . 1 1 . 3 6 10 3 5 4 2 8 15 . 2 14 Actively Blocked 16 | . . . . 2 1 10 3 . . . . . . . . Part Disruptions 5 | . . . . . . . . 1 . . . 3 . . 1 Damage Taken 25783 | . 1006 653 . 478 1576 1155 814 1570 4080 1433 1513 5372 1192 271 4670 Core 18917 | . 727 502 . 328 938 706 511 1239 2953 1075 1091 3986 744 232 3885 Absorbed by Shields 1237 | . . . . . 236 301 320 372 . . . . . . 8 Redirected to Core 14899 | . 631 333 . 226 772 582 457 916 2440 897 1010 3331 583 139 2582 Redirected to Shielding 88 | . . . . 53 35 . . . . . . . . . . Ignored by Resistances 1272 | . . . . . 141 99 180 165 181 . . 185 71 52 198 Core Remaining (%) 70 | 100 . . . 74 . . 100 . . . 7 . . . . Volleys Fired 269 | 17 143 60 2 46 . . . . 1 . . . . . . Largest 1 | 1 1 1 1 1 . . . . 1 . . . . . . Hottest 40 | 20 20 23 23 23 . . . . 40 . . . . . . Shots Fired 265 | 17 143 58 2 44 . . . . 1 . . . . . . Gun 264 | 17 143 58 2 44 . . . . . . . . . . . Cannon 1 | . . . . . . . . . 1 . . . . . . Launcher . | . . . . . . . . . . . . . . . . Special . | . . . . . . . . . . . . . . . . Kinetic 265 | 17 143 58 2 44 . . . . 1 . . . . . . Thermal . | . . . . . . . . . . . . . . . . Explosive . | . . . . . . . . . . . . . . . . Electromagnetic . | . . . . . . . . . . . . . . . . Robot Hit Streak 31 | 10 31 19 . 8 . . . . . . . . . . . Robot Miss Streak 5 | 1 5 2 . 2 . . . . . . . . . . . Penetration Max . | . . . . . . . . . . . . . . . . Secondary Targets . | . . . . . . . . . . . . . . . . Shots Hit Robots 1451 | 11 119 48 . 37 141 102 80 127 205 87 19 244 60 39 132 Core Hits 627 | 6 49 28 . 12 62 41 30 68 95 36 5 107 26 12 50 Critical Kills 3 | . 1 . . 1 . . . . 1 . . . . . . Critical Parts Destroyed 3 | . 2 . . 1 . . . . . . . . . . . Critical Strikes 62 | . 3 . . 2 13 8 2 . 1 . . 12 3 2 16 Meltdown 1 | . . . . . . . . . 1 . . . . . . Destroy 5 | . 3 . . 2 . . . . . . . . . . . Sever 1 | . . . . . . . . . . . . . 1 . . Impale 23 | . . . . . 13 8 2 . . . . . . . . Melee Attacks 1468 | . . . . 3 169 138 103 144 244 93 24 288 67 40 155 Impact 20 | . . . . . . . . . 20 . . . . . . Slashing 1091 | . . . . . . . 56 144 224 93 24 288 67 40 155 Piercing 357 | . . . . 3 169 138 47 . . . . . . . . Sneak Attacks 64 | . . . . 3 3 1 1 1 9 5 4 14 9 3 11 Combat Hostiles 16 | . . . . . 1 1 1 1 5 . . 3 1 . 3 Follow-up Attacks 17 | . . . . . . . . . . . . 6 3 4 4 Damage Inflicted 58838 | 166 1571 649 . 692 4548 3630 3044 7222 9361 4641 646 11429 3145 1748 6346 Guns 2926 | 166 1571 649 . 540 . . . . . . . . . . . Cannons 92 | . . . . . . . . . 92 . . . . . . Explosions 2707 | . . . . . . . . 1840 399 135 . 333 . . . Melee 53064 | . . . . 152 4548 3630 3044 5382 8870 4506 646 11047 3145 1748 6346 Ramming . | . . . . . . . . . . . . . . . . Kinetic 2926 | 166 1571 649 . 540 . . . . . . . . . . . Thermal 1924 | . . . . . . . . 1712 92 . . 120 . . . Explosive 875 | . . . . . . . . 128 399 135 . 213 . . . Electromagnetic . | . . . . . . . . . . . . . . . . Impact . | . . . . . . . . . . . . . . . . Slashing 43521 | . . . . . . . 1782 5382 8870 4506 646 11096 3145 1748 6346 Piercing 9592 | . . . . 152 4548 3630 1262 . . . . . . . . Highest Corruption 36 | . 1 15 15 15 . 5 . . 3 8 1 19 29 29 36 Average Corruption 10 | . 1 11 15 15 . 4 . . 2 5 1 9 17 15 23 Corruption Purged 28 | . . . . . . . . . 6 6 . 16 . . . Corruption Blocked 3 | . . . . . . . . . . . . 3 . . . Effects 258 | . 4 27 4 24 . 14 . . 13 11 . 65 18 20 58 Message Errors 73 | . 2 9 2 5 . 5 . . 6 2 . 23 4 3 12 Matter Fused 59 | . 1 3 . 6 . 2 . . 1 5 . 16 2 4 19 Heat Flow Errors 27 | . . 3 1 2 . 2 . . 2 2 . 7 1 4 3 Energy Discharges 28 | . 1 2 . 2 . 3 . . 1 1 . 4 5 3 6 Parts Rejected 7 | . . . . 1 . . . . . . . 4 . . 2 Parts Fused 4 | . . 1 . 1 . . . . . . . . . . 2 Data Loss (minor) 34 | . . 2 . 4 . 2 . . 2 . . 7 5 5 7 Data Loss (major) 7 | . . 1 . . . . . . 1 . . . 1 1 3 Misfires 1 | . . 1 . . . . . . . . . . . . . Alerts 5 | . . 2 1 1 . . . . . 1 . . . . . Misdirections 8 | . . . . . . . . . . . . 4 . . 4 Weapon Failures 5 | . . 3 . 2 . . . . . . . . . . . Overload Shots . | . . . . . . . . . . . . . . . . Overflow Damage 2836 | . . . . . 87 69 175 520 353 431 63 645 135 104 254 Projectiles 42 | . . . . . . . . . 42 . . . . . . Explosions 176 | . . . . . . . . 173 . 3 . . . . . Melee 2618 | . . . . . 87 69 175 347 311 428 63 645 135 104 254 Knockbacks . | . . . . . . . . . . . . . . . . Impact . | . . . . . . . . . . . . . . . . Kinetic . | . . . . . . . . . . . . . . . . Secondary . | . . . . . . . . . . . . . . . . Self-Inflicted Damage 551 | . . . . . . . . 245 171 135 . . . . . Shots 14 | . . . . . . . . 4 5 5 . . . . . Rammed . | . . . . . . . . . . . . . . . . Targets Rammed . | . . . . . . . . . . . . . . . . Kicked . | . . . . . . . . . . . . . . . . Crushed . | . . . . . . . . . . . . . . . . Highest Temperature 304 | . 9 254 244 247 11 251 . . 230 231 17 304 199 204 262 Average Temperature 101 | . 2 101 125 126 9 121 . . 110 121 9 120 94 73 71 Received Heat Transfer 5735 | . 519 312 . 75 787 254 240 285 906 366 320 555 126 153 837 Siege Activations . | . . . . . . . . . . . . . . . . Martial Activations . | . . . . . . . . . . . . . . . . Shielding Activations . | . . . . . . . . . . . . . . . . Robots Disrupted 5 | . . . . . . . . . . . 1 2 . 1 1 Combat Hostiles 5 | . . . . . . . . . . . 1 2 . 1 1 Robots Corrupted . | . . . . . . . . . . . . . . . . Combat Hostiles . | . . . . . . . . . . . . . . . . Parts Fried 1 | . . . . . . . 1 . . . . . . . . Impact Corruptions . | . . . . . . . . . . . . . . . . Robots Melted 1 | . . . . . . . . . 1 . . . . . . Combat Hostiles 1 | . . . . . . . . . 1 . . . . . . Parts Melted 5 | . 1 . . . . . . . 1 . . 1 . 2 . Heat Transferred 1050 | . . . . . . . . 900 50 . . 100 . . . Parts Sabotaged . | . . . . . . . . . . . . . . . . Parts Stolen 3 | . . . . . . . . . . . . . . 3 . Parts Stripped 84 | . . . . . . . 6 22 51 5 . . . . . Power Chain Reactions . | . . . . . . . . . . . . . . . . Alert | -11 -10 -10 -10 -9 -8 -8 -8 -7 -7 -7 -7 -5 -5 -5 -5 ------- Run | Yrd Mat Min Exi Min Mat Gar Mat Fac Sto Rec Scr Fac Upp Upp War Maximum Alert Level 5 | . 2 1 . 1 4 5 5 5 5 5 . 5 . . . Low Security (%) 9 | 100 32 56 . 66 1 . . . . . . 1 . . . Level 1 8 | . 22 43 . 33 3 . . . . . . 15 . . . Level 2 11 | . 45 . . . 25 . . . . . . 23 . . . Level 3 13 | . . . . . 57 19 2 36 . . . 5 . . . Level 4 22 | . . . . . 12 34 78 29 22 5 . 27 . . . Level 5 24 | . . . . . . 45 19 34 22 94 . 21 . . . High Security 8 | . . . . . . . . . 54 . . 4 . . . Max Security . | . . . . . . . . . . . . . . . . Sterilizations 3 | . . . . . 1 . 1 . 1 . . . . . . Peak Influence 4063 | 15 653 338 . 277 1268 2248 1735 2433 4063 2099 . 2582 . . . Initial 1584 | . 3 235 . . 66 824 1095 772 1105 1584 . . . . . Average 1274 | 2 359 215 . 125 792 1538 1431 1436 2439 1925 . 1139 . . . Influence Increases 17771 | 25 1097 425 . 417 1787 1494 1102 2215 3458 877 . 3350 425 374 725 Destroy 0b10 Robot/C 9500 | . 560 300 . 140 1040 820 640 1380 1620 340 . 1640 320 320 380 Destroy 0b10 Robot/NC 205 | 25 5 . . . 10 5 5 20 35 70 . 20 10 . . Destroy Leader 1550 | . 150 50 . 30 242 30 152 242 304 10 . 260 50 30 . Allied During Kill 330 | . . . . 1 12 203 21 29 40 . . . . 24 . Successful Hack 52 | . 12 . . . 21 7 . . 2 . . 10 . . . Select Force Hacks 650 | . 310 . . . 60 . 100 . . 180 . . . . . Disable Machine 255 | . 15 . . . . 45 . 135 30 . . 30 . . . Anti-Garrison Action 300 | . . . . . . 300 . . . . . . . . . Destroy Structure 276 | . . . . . 6 24 4 20 62 42 . 118 . . . Partial Spotted 195 | . . . . . 45 . 30 15 15 15 . 75 . . . Lose Combat Pursuer 2970 | . 45 75 . . 105 60 150 180 1350 60 . 555 45 . 345 Miscellaneous 1488 | . . . . 246 246 . . 194 . 160 . 642 . . . Influence Decreases 17640 | 20 496 701 330 246 690 514 1651 1485 1824 2973 1967 788 1311 691 1953 Entered New Map 11729 | . 2 371 330 . 105 444 1153 927 1324 2479 1967 . 949 319 1359 Time Decay 5101 | 20 494 310 . 226 565 . 458 538 380 474 . 648 342 362 284 Lost Part 370 | . . 20 . . . 10 . . 20 20 . 140 20 10 130 Lost Ally 440 | . . . . 20 20 60 40 20 100 . . . . . 180 Squads Dispatched 125 | . 13 1 . . 15 . 10 15 40 1 . 29 . 1 . Investigation 35 | . 12 1 . . 9 . 4 3 3 . . 2 . 1 . Extermination 14 | . . . . . . . . 4 2 . . 8 . . . Reinforcement 21 | . 1 . . . 3 . 1 1 4 . . 11 . . . Assault 43 | . . . . . 3 . 2 4 25 1 . 8 . . . Garrison 12 | . . . . . . . 3 3 6 . . . . . . Intercept . | . . . . . . . . . . . . . . . . Searches Triggered . | . . . . . . . . . . . . . . . . Construction Impeded . | . . . . . . . . . . . . . . . . Haulers Reinforced . | . . . . . . . . . . . . . . . . Active Scanning Responses . | . . . . . . . . . . . . . . . . Cargo Convoy Interrupts 2 | . . . . . . . . 1 . . . 1 . . . Stealth | -11 -10 -10 -10 -9 -8 -8 -8 -7 -7 -7 -7 -5 -5 -5 -5 --------- Run | Yrd Mat Min Exi Min Mat Gar Mat Fac Sto Rec Scr Fac Upp Upp War Distress Signals 31 | . . . . . 2 . 4 3 10 . 1 7 . . 4 Communications Jammed . | . . . . . . . . . . . . . . . . Distress Signals . | . . . . . . . . . . . . . . . . Times Spotted 1029 | . 40 23 . 9 77 46 69 126 263 29 62 142 21 18 104 Peak Tracking Total 52 | . 4 4 9 3 8 5 7 12 25 7 52 15 5 7 17 Tactical Retreats 92 | . 2 3 . . 5 2 6 7 29 3 7 18 3 . 7 Traps | -11 -10 -10 -10 -9 -8 -8 -8 -7 -7 -7 -7 -5 -5 -5 -5 ------- Run | Yrd Mat Min Exi Min Mat Gar Mat Fac Sto Rec Scr Fac Upp Upp War Traps Triggered 21 | . 3 . . . 1 6 2 2 3 . . 2 . . 2 Indirectly . | . . . . . . . . . . . . . . . . Trap Hack Attempts . | . . . . . . . . . . . . . . . . Triggered . | . . . . . . . . . . . . . . . . Disarmed . | . . . . . . . . . . . . . . . . Reprogrammed . | . . . . . . . . . . . . . . . . Reused . | . . . . . . . . . . . . . . . . Traps Extracted . | . . . . . . . . . . . . . . . . Installed . | . . . . . . . . . . . . . . . . Triggered . | . . . . . . . . . . . . . . . . Most Traps Carried 1 | . . . . . . . . 1 . . . . . . 1 Machines | -11 -10 -10 -10 -9 -8 -8 -8 -7 -7 -7 -7 -5 -5 -5 -5 ---------- Run | Yrd Mat Min Exi Min Mat Gar Mat Fac Sto Rec Scr Fac Upp Upp War Machines Disabled 38 | . 1 . 1 . . 8 . 9 4 . 3 2 1 1 8 Max in Single Turn 8 | . 1 . 1 . . 1 . 8 1 . . 2 1 . 1 Garrison Access 1 | . . . . . . . 1 . . . . . . . . Garrison Relay 5 | . . . . . . 5 . . . . . . . . . Phase Generator 1 | . . . . . . 1 . . . . . . . . . Machines Repaired . | . . . . . . . . . . . . . . . . Machines Dismantled . | . . . . . . . . . . . . . . . . Machines Sabotaged 7 | . 5 . . . . . 2 . . . . . . . . Overloaded Fab Kills . | . . . . . . . . . . . . . . . . Hacking | -11 -10 -10 -10 -9 -8 -8 -8 -7 -7 -7 -7 -5 -5 -5 -5 --------- Run | Yrd Mat Min Exi Min Mat Gar Mat Fac Sto Rec Scr Fac Upp Upp War Machines Accessed 48 | . 10 . 1 . 9 3 3 4 4 6 1 4 2 1 . Terminals 24 | . 7 . . . 4 3 3 2 3 . . 1 . 1 . Fabricators 3 | . . . . . . . . 1 . . . 2 . . . Repair Stations 3 | . 1 . . . 1 . . . 1 . . . . . . Recycling Units 11 | . 2 . . . 2 . . 1 . 6 . . . . . Scanalyzers 2 | . . . . . 1 . . . . . . 1 . . . Garrison Access 1 | . . . . . 1 . . . . . . . . . . Total Hacks 90 | . 20 . 1 . 14 6 4 11 9 9 2 8 2 4 . Successful 45 | . 12 . 1 . 8 2 2 1 1 6 2 4 2 4 . Failed 45 | . 8 . . . 6 4 2 10 8 3 . 4 . . . Catastrophic 10 | . . . . . 2 2 . 4 1 . . 1 . . . Database Lockouts . | . . . . . . . . . . . . . . . . Manual 66 | . 23 . 1 . 11 . 5 9 5 9 . 3 . . . Terminals 50 | . 16 . . . 9 6 4 4 6 . . 1 . 4 . Fabricators 9 | . . . . . . . . 4 . . . 5 . . . Repair Stations 5 | . 1 . . . 1 . . . 3 . . . . . . Recycling Units 17 | . 3 . . . 2 . . 3 . 9 . . . . . Scanalyzers 3 | . . . . . 1 . . . . . . 2 . . . Garrison Access 1 | . . . . . 1 . . . . . . . . . . Terminal Hacks 15 | . 2 . 1 . 1 2 . . 1 . 2 . 2 4 . Record 5 | . . . . . . . . . . . 1 . . 4 . Robot Analysis 3 | . 2 . . . 1 . . . . . . . . . . Open Door 6 | . . . . . . 2 . . 1 . 1 . 2 . . Proto ID Catalog 1 | . . . 1 . . . . . . . . . . . . Fabricator Hacks 1 | . . . . . . . . . . . . 1 . . . Load Schematic 1 | . . . . . . . . . . . . 1 . . . Repair Station Hacks . | . . . . . . . . . . . . . . . . Recycling Unit Hacks . | . . . . . . . . . . . . . . . . Scanalyzer 3 | . . . . . 1 . . . . . . 2 . . . Insert Component 1 | . . . . . . . . . . . . 1 . . . Analyze 1 | . . . . . . . . . . . . 1 . . . Retrieve Study 1 | . . . . . 1 . . . . . . . . . . Garrison Access Hacks 1 | . . . . . 1 . . . . . . . . . . Unlock Access 1 | . . . . . 1 . . . . . . . . . . Unauthorized Hacks 25 | . 10 . . . 5 . 2 1 . 6 . 1 . . . Terminals 12 | . 7 . . . 2 . 2 . . . . 1 . . . Botnet 1 | . . . . . . . . . . . . 1 . . . Sabotage 11 | . 7 . . . 2 . 2 . . . . . . . . Fabricators 1 | . . . . . . . . 1 . . . . . . . Haulers 1 | . . . . . . . . 1 . . . . . . . Repair Stations 2 | . 1 . . . 1 . . . . . . . . . . Patch 2 | . 1 . . . 1 . . . . . . . . . . Recycling Units 10 | . 2 . . . 2 . . . . 6 . . . . . Tunnel 10 | . 2 . . . 2 . . . . 6 . . . . . Scanalyzers . | . . . . . . . . . . . . . . . . Garrison Access . | . . . . . . . . . . . . . . . . Data Cores Recovered 1 | . . . . . . . . . 1 . . . . . . Used . | . . . . . . . . . . . . . . . . Hacking Detections 22 | . 2 . . . 4 1 1 4 4 1 . 4 . 1 . Full Trace Events 12 | . . . . . 2 1 1 3 3 . . 1 . 1 . Feedback Events 1 | . . . . . . . . . 1 . . . . . . Corruption 1 | . . . . . . . . . 1 . . . . . . Feedback Blocked . | . . . . . . . . . . . . . . . . Robot Schematics Acquired . | . . . . . . . . . . . . . . . . Robots Built . | . . . . . . . . . . . . . . . . Authchips . | . . . . . . . . . . . . . . . . Time . | . . . . . . . . . . . . . . . . Total Robot Build Rating . | . . . . . . . . . . . . . . . . Part Schematics Acquired 1 | . . . . . . . . . . . . 1 . . . Parts Built . | . . . . . . . . . . . . . . . . Authchips . | . . . . . . . . . . . . . . . . Time . | . . . . . . . . . . . . . . . . Total Part Build Rating . | . . . . . . . . . . . . . . . . Part Studies Acquired 1 | . . . . . 1 . . . . . . . . . . Parts Repaired . | . . . . . . . . . . . . . . . . Time . | . . . . . . . . . . . . . . . . Parts Recycled . | . . . . . . . . . . . . . . . . Recycled Matter . | . . . . . . . . . . . . . . . . Retrieved Matter . | . . . . . . . . . . . . . . . . Retrieved Components . | . . . . . . . . . . . . . . . . Parts Scanalyzed 1 | . . . . . . . . . . . . 1 . . . Part Schematics Acquired 1 | . . . . . . . . . . . . 1 . . . Parts Damaged . | . . . . . . . . . . . . . . . . Bothacking | -11 -10 -10 -10 -9 -8 -8 -8 -7 -7 -7 -7 -5 -5 -5 -5 ------------ Run | Yrd Mat Min Exi Min Mat Gar Mat Fac Sto Rec Scr Fac Upp Upp War Used RIF Installer . | . . . . . . . . . . . . . . . . Robots Hacked . | . . . . . . . . . . . . . . . . Non-combat . | . . . . . . . . . . . . . . . . Combat . | . . . . . . . . . . . . . . . . Robot Hacks Applied . | . . . . . . . . . . . . . . . . Relay Couplers Released 12 | . . . . . . 8 2 . . . . 2 . . . Machine Destruction 10 | . . . . . . 8 2 . . . . . . . . Programmers 2 | . . . . . . . . . . . . 2 . . . Fabnet Peak Effective % . | . . . . . . . . . . . . . . . . Robots Rewired 34 | . . . . . . 5 . . . 21 . . 3 . 5 Allies Hacked . | . . . . . . . . . . . . . . . . Hacks Repelled . | . . . . . . . . . . . . . . . . Allies | -11 -10 -10 -10 -9 -8 -8 -8 -7 -7 -7 -7 -5 -5 -5 -5 -------- Run | Yrd Mat Min Exi Min Mat Gar Mat Fac Sto Rec Scr Fac Upp Upp War Total Allies 56 | . . . . 1 1 6 . 3 7 21 . . 3 1 13 Largest Group 21 | . . . . 1 1 6 2 3 5 21 21 . 3 1 6 Highest-Rated Group 474 | . . . . 5 142 237 45 90 200 405 405 . 90 79 474 Highest-Rated Ally 177 | . . . . 5 142 177 25 30 40 40 40 . 30 79 79 Initial Warlord ECA Mod 10 | . . . . . . . 10 9 9 9 9 7 7 7 7 Total Orders 24 | . . . . . . . . . . . 24 . . . . STAY 19 | . . . . . . . . . . . 19 . . . . FOLLOW 5 | . . . . . . . . . . . 5 . . . . Ally Attacks 299 | . . . . 3 17 51 8 20 32 . 81 . . 9 78 Total Damage 9492 | . . . . 9 907 791 219 541 1000 . 1826 . . 564 3635 Kills 59 | . . . . . 6 7 2 4 9 . 13 . . 4 14 Allies Corrupted 1 | . . . . . . . . 1 . . . . . . . Allies Melted 1 | . . . . . . . . 1 . . . . . . . X0-1V1 Amusement Gains 543 | . 18 20 60 20 78 2 . 52 46 50 42 75 . . 80 Good Acts 226 | . 1 3 . 4 30 16 12 18 42 16 4 38 10 12 20 Bad Acts 110 | . 4 7 . 1 4 1 . 7 7 13 5 29 4 6 22 Intel | -11 -10 -10 -10 -9 -8 -8 -8 -7 -7 -7 -7 -5 -5 -5 -5 ------- Run | Yrd Mat Min Exi Min Mat Gar Mat Fac Sto Rec Scr Fac Upp Upp War Active Infowar (turns) 17014 | 52 1311 690 99 521 1692 1112 1148 1533 1964 1218 981 2484 777 821 611 Terrain 2001 | 10 1311 680 . . . . . . . . . . . . . Structural 2344 | . . . . . . . . . . . . 1351 214 320 459 Seismic 17007 | 52 1311 690 99 521 1692 1112 1148 1533 1964 1218 981 2477 777 821 611 Cloaking 2 | . . . . . . . . 1 . . . 1 . . . Robot Analysis Total 3 | . 2 . . . 1 . . . . . . . . . . Derelict Logs Recovered 5 | . . 1 . 1 . . . . . . . . 1 2 . Drone Launches . | . . . . . . . . . . . . . . . . Drone Recoveries . | . . . . . . . . . . . . . . . . Exploration | -11 -10 -10 -10 -9 -8 -8 -8 -7 -7 -7 -7 -5 -5 -5 -5 ------------- Run | Yrd Mat Min Exi Min Mat Gar Mat Fac Sto Rec Scr Fac Upp Upp War Turns Passed 17722 | 91 1311 690 99 521 1692 1112 1148 1533 1964 1218 981 2484 777 821 1280 Spaces Moved 20758 | 56 1366 802 212 785 1872 1121 1425 2001 1901 1213 1251 3658 1270 1149 676 Core 860 | 54 675 . . . . . . 1 . . . 44 . . 86 Treads 2 | 2 . . . . . . . . . . . . . . . Legs 311 | . . . . . . . . . . . . . . 134 177 Wheels . | . . . . . . . . . . . . . . . . Hover 823 | . 28 594 . . . . . . . . . . . . 201 Flight 18762 | . 663 208 212 785 1872 1121 1425 2000 1901 1213 1251 3614 1270 1015 212 Fastest Speed 27 | 50 50 37 37 50 50 50 50 50 50 50 50 27 42 42 40 Average Speed 49 | 53 54 51 43 50 50 50 50 50 50 50 50 39 42 61 72 Slowest Speed 197 | 160 60 56 50 50 50 50 50 150 50 50 50 114 42 197 190 Overloaded Moves . | . . . . . . . . . . . . . . . . Propulsion Burnouts . | . . . . . . . . . . . . . . . . Robots Hopped 150 | . 8 4 . 5 24 1 4 15 23 8 11 39 4 . 4 Potential Cave-ins 2 | . . . . . . . . . 2 . . . . . . Cave-ins Triggered 1 | . . . . . . . . . 1 . . . . . . Exploration Rate (%) 78 | 4 99 98 61 98 99 96 87 51 95 94 65 69 96 97 45 Regions Visited 15 Branch Regions 9 Pre-discovered Areas 12 | . 2 1 . . 2 . . . . 6 . . . 1 . Known Exits Taken 10 | . . . . 1 1 . 1 1 1 1 1 1 1 1 . Unknown Exits Taken 4 | 1 1 1 1 . . . . . . . . . . . . Scrap Searched 14 | . . 1 . 2 . . . . . . 4 . 2 5 . Spaces Dug 64 | . . . . . 1 4 5 2 13 4 4 25 . . 6 Terrain Destroyed 222 | . . . . . 1 4 5 30 72 41 4 59 . . 6 Melee 64 | . . . . . 1 4 5 2 13 4 4 25 . . 6 Projectile . | . . . . . . . . . . . . . . . . AOE 158 | . . . . . . . . 28 59 37 . 34 . . . Terrain Rammed . | . . . . . . . . . . . . . . . . Walls Destroyed . | . . . . . . . . . . . . . . . . Machines Disabled . | . . . . . . . . . . . . . . . . Actions | -11 -10 -10 -10 -9 -8 -8 -8 -7 -7 -7 -7 -5 -5 -5 -5 --------- Run | Yrd Mat Min Exi Min Mat Gar Mat Fac Sto Rec Scr Fac Upp Upp War Total 26823 | 96 1771 1011 217 855 2426 1526 1721 2454 2769 1768 1582 4483 1471 1251 1422 Wait 2996 | 18 250 99 . 10 278 162 118 221 447 167 306 440 53 23 404 Move 20455 | 55 1349 793 211 775 1824 1118 1416 1969 1853 1196 1233 3584 1261 1148 670 Hop 136 | . 8 4 . 4 23 1 4 15 23 8 6 34 4 . 2 Pick Up 81 | . 1 1 1 . 13 3 3 12 15 2 1 7 5 3 14 Fast Attach 89 | 6 4 3 1 2 10 1 3 1 1 2 3 21 3 9 19 Attach 14 | . . . . . . 1 . 1 2 . . 4 4 2 . Detach 15 | . . . . . . . . 1 3 . 1 3 4 1 2 Swap 52 | . 4 6 . 5 2 . 5 8 12 2 . 6 . . 2 Drop 119 | . 1 1 2 . 19 4 4 20 16 3 1 10 9 5 24 Fire 269 | 17 143 60 2 46 . . . . 1 . . . . . . Melee 1443 | . . . . 3 169 138 103 144 241 93 24 282 61 36 149 Ram . | . . . . . . . . . . . . . . . . Kick . | . . . . . . . . . . . . . . . . Crush . | . . . . . . . . . . . . . . . . Escape Stasis 18 | . . . . . . 16 . 1 1 . . . . . . Rewire 314 | . . . . . . 56 . . . 221 . . 8 . 29 Trap . | . . . . . . . . . . . . . . . . Miscellaneous 822 | . 11 44 . 10 88 26 65 61 154 74 7 92 59 24 107 Route ------- -11/Scrapyard -10/Materials (discovered 5 exits: [*Mat x3] / [*Min] / [*Sub]) -10/Mines (discovered 3 exits: [*Mat x2] / *Exi) -10/Exiles (discovered 2 exits: [*Min x2]) -9/Mines (discovered 2 exits: *Mat x2) -8/Materials (discovered 4 exits: *Fac x3 / Gar) -8/Garrison (discovered 4 exits: *Mat x4) -8/Materials (discovered 2 exits: *Fac x2) -7/Factory (discovered 5 exits: *Fac / *Sto x2 / *Low x2) -7/Storage (discovered 2 exits: *Fac / *Rec) -7/Recycling (discovered 2 exits: *Fac / *Scr) -7/Scraptown (discovered 2 exits: *Fac x2) -5/Factory (discovered 4 exits: *Fac x3 / *Upp) -5/Upper Caves -5/Upper Caves (discovered 2 exits: *Fac / *War) -5/Warlord (discovered 1 exit: *Pro) History --------- Turn | Location | Event 1 | -11/Scrapyard | Upgraded with Propulsion slot (x1) 1 | -11/Scrapyard | Upgraded with Utility slot (x2) 17 | -11/Scrapyard | Discovered new exit (range 15) 92 | -11/Scrapyard | Entered Materials 310 | -10/Materials | Build established: Mutant 365 | -10/Materials | Discovered new exit (range 5) 434 | -10/Materials | Discovered new exit (range 9) 484 | -10/Materials | Discovered new exit (range 9) 485 | -10/Materials | Discovered new exit (range 15) 499 | -10/Materials | Reached level 2 523 | -10/Materials | Upgraded with Utility slot (x1) 601 | -10/Materials | Core integrity fell below 50% 649 | -10/Materials | Reached level 3 871 | -10/Materials | Discovered new exit (range 12) 1010 | -10/Materials | Reached level 4 1041 | -10/Materials | Upgraded with Utility slot (x2) 1072 | -10/Materials | Prayed at D.C.S.S. Altar Unit 1072 | -10/Materials | Reached level 5 1072 | -10/Materials | Reached level 6 1177 | -10/Materials | Core integrity fell below 20% 1214 | -10/Materials | X0-1V1 foreshadows a heat wave 1287 | -10/Materials | Ambient heat levels rising (+10) 1385 | -10/Materials | Ambient heat levels rising (+10) 1403 | -10/Materials | Entered Mines 1491 | -10/Mines | Received a Rocket Launcher from a helpful Derelict 1510 | -10/Mines | Discovered new exit (range 2) 1540 | -10/Mines | Discovered new exit (range 7) 1582 | -10/Mines | System corruption reached 10% 1906 | -10/Mines | X0-1V1 sent hostile S-10 Pest (x4) 2031 | -10/Mines | Joined a pair of Derelicts in attacking an 0b10 outpost 2046 | -10/Mines | X0-1V1 downgraded hostiles (x1) 2078 | -10/Mines | Upgraded with Utility slot (x1) 2091 | -10/Mines | Deemed a non-threat by the Exiles lab entrance 2091 | -10/Mines | Discovered new exit (range 5) 2093 | -10/Mines | Entered Exiles 2095 | -10/Exiles | Reached level 7 2099 | -10/Exiles | Discovered new exit (range 17) 2103 | -10/Exiles | Met 8R-AWN 2109 | -10/Exiles | Met EX-HEX 2119 | -10/Exiles | Met EX-BIN 2123 | -10/Exiles | Aligned with FarCom system 2124 | -10/Exiles | Given EX-Vault access code 2132 | -10/Exiles | Opened EX-Vault 2134 | -10/Exiles | Upgraded with Propulsion slot (x2) 2136 | -10/Exiles | Found Flying Fortress v7 2138 | -10/Exiles | Found Cloak of Protection 2149 | -10/Exiles | Warned to stay clear of 0b10 Research branches 2165 | -10/Exiles | Met EX-DEC 2176 | -10/Exiles | Attacked by the Exiles 2186 | -10/Exiles | Discovered new exit (range 14) 2192 | -10/Exiles | Stole two prototypes: Flying Fortress v7, Cloak of Protection 2192 | -10/Exiles | Entered Mines 2195 | -9/Mines | Build established: Scavenger-Mutant 2206 | -9/Mines | Met a Derelict bent on vengeance 2273 | -9/Mines | Identified exit to Materials 2273 | -9/Mines | X0-1V1 revealed exit location to -8/Materials 2381 | -9/Mines | Discovered exit to Materials (range 12) 2405 | -9/Mines | X0-1V1 turns hostiles against one another 2479 | -9/Mines | X0-1V1 added 0b10 threat records associated with you (major) 2519 | -9/Mines | Found a Scrap Suit stashed away for nefarious purposes 2524 | -9/Mines | Build established: Mutant 2543 | -9/Mines | A weapon hastily lodged in a ceiling crevice suddenly fell to the ground 2713 | -9/Mines | Entered Materials 2715 | -8/Materials | Reached level 8 2731 | -8/Materials | X0-1V1 added 0b10 threat records associated with you (major) 2731 | -8/Materials | Reached level 9 2773 | -8/Materials | Core integrity fell below 50% 2775 | -8/Materials | Upgraded with Utility slot (x1) 2826 | -8/Materials | X0-1V1 sent you to a vault 2887 | -8/Materials | X0-1V1 downgraded hostiles (x3) 2903 | -8/Materials | Reached level 10 2933 | -8/Materials | Core integrity restored by X0-1V1 (+150) 2946 | -8/Materials | Discovered new exit (range 9) 3221 | -8/Materials | Reached level 11 3275 | -8/Materials | Upgraded with Utility slot (x1) 3375 | -8/Materials | Identified exit to Factory 3375 | -8/Materials | X0-1V1 revealed exit location to -7/Factory 3476 | -8/Materials | X0-1V1 sent allied H-71 Marshal (x1) 3535 | -8/Materials | Discovered exit to Factory (range 3) 3589 | -8/Materials | X0-1V1 activates XOMVISION 3807 | -8/Materials | X0-1V1 activates XOMVISION 3913 | -8/Materials | First assault squad dispatched 3941 | -8/Materials | X0-1V1 activates XOMVISION 3964 | -8/Materials | Reached level 12 4237 | -8/Materials | Weapon slot count temporarily expanded by X0-1V1 (+3) 4331 | -8/Materials | Sterilization system engaged 4331 | -8/Materials | Non-combat units ordered to evacuate 4359 | -8/Materials | Identified exit to Garrison 4405 | -8/Materials | Entered Garrison 4436 | -8/Garrison | Identified exit to Materials 4436 | -8/Garrison | X0-1V1 revealed exit location to -8/Materials 4439 | -8/Garrison | Triggered checkpoint 4487 | -8/Garrison | Triggered checkpoint 4508 | -8/Garrison | Reached level 13 4521 | -8/Garrison | Core integrity restored by X0-1V1 (+138) 4538 | -8/Garrison | X0-1V1 activates XOMVISION 4609 | -8/Garrison | X0-1V1 destroyed Phase Generator 4609 | -8/Garrison | Phase Generator disabled 4687 | -8/Garrison | Triggered checkpoint 4698 | -8/Garrison | Garrison Relay disabled 4715 | -8/Garrison | Rescued AZ-K3N 4899 | -8/Garrison | Triggered checkpoint 4952 | -8/Garrison | Garrison Relay disabled 4973 | -8/Garrison | Triggered checkpoint 5003 | -8/Garrison | Triggered checkpoint 5056 | -8/Garrison | X0-1V1 activates XOMVISION 5064 | -8/Garrison | Garrison Relay disabled 5141 | -8/Garrison | Reached level 14 5146 | -8/Garrison | Triggered checkpoint 5158 | -8/Garrison | Garrison Relay disabled 5162 | -8/Garrison | Upgraded with Utility slot (x1) 5170 | -8/Garrison | Discovered exit to Materials (range 17) 5275 | -8/Garrison | Triggered checkpoint 5297 | -8/Garrison | X0-1V1 activates XOMVISION 5323 | -8/Garrison | Triggered checkpoint 5328 | -8/Garrison | Garrison Relay disabled 5381 | -8/Garrison | Discovered exit to Materials (range 12) 5419 | -8/Garrison | Discovered exit to Materials (range 14) 5517 | -8/Garrison | Entered Materials 5517 | -8/Materials | Accompanied by 2 allies 5586 | -8/Materials | X0-1V1 released a cloud of subatomizers 5734 | -8/Materials | X0-1V1 revealed exit location to -7/Factory 5831 | -8/Materials | Destroyed 9 combat bots 5917 | -8/Materials | First assault squad dispatched 5942 | -8/Materials | X0-1V1 sent you to a vault 5945 | -8/Materials | Found Prototype Slashing Weapon 5945 | -8/Materials | Identified Scimitar of Distortion 5963 | -8/Materials | X0-1V1 activates XOMVISION 5981 | -8/Materials | X0-1V1 revealed exit location to -7/Factory 6078 | -8/Materials | Garrison activated, responded to threat 6321 | -8/Materials | Reached level 15 6334 | -8/Materials | Sterilization system engaged 6334 | -8/Materials | Non-combat units ordered to evacuate 6434 | -8/Materials | Combat units ordered to evacuate 6634 | -8/Materials | Ambient heat levels rising (+10) 6665 | -8/Materials | Entered Factory 6666 | -7/Factory | Identified exit to Lower Caves 6845 | -7/Factory | Discovered new exit (range 6) 6859 | -7/Factory | X0-1V1 revealed exit location to -7/Lower Caves 6908 | -7/Factory | X0-1V1 vaporized surrounding terrain (radius 16) 6908 | -7/Factory | Reached level 16 6939 | -7/Factory | X0-1V1 sent you to a vault 7020 | -7/Factory | Destroyed 7 combat bots 7136 | -7/Factory | Upgraded with Utility slot (x1) 7137 | -7/Factory | Discovered new exit (range 15) 7423 | -7/Factory | Identified exit to Storage 7423 | -7/Factory | X0-1V1 revealed exit location to -7/Storage 7452 | -7/Factory | Garrison activated, responded to threat 7465 | -7/Factory | First assault squad dispatched 7476 | -7/Factory | X0-1V1 added 0b10 threat records associated with you (considerable) 7534 | -7/Factory | Reached level 17 7630 | -7/Factory | X0-1V1 redirected Transport squads to designated parking area 7767 | -7/Factory | Cargo convoy interrupted 7781 | -7/Factory | X0-1V1 vaporized surrounding terrain (radius 15) 7806 | -7/Factory | Destroyed 8 combat bots 7833 | -7/Factory | Core integrity fell below 50% 7969 | -7/Factory | X0-1V1 enhanced Transport squad support 8198 | -7/Factory | Entered Storage 8211 | -7/Storage | X0-1V1 announced a LAN party 8211 | -7/Storage | Reached level 18 8284 | -7/Storage | Identified exit to Factory 8284 | -7/Storage | X0-1V1 revealed exit location to -6/Factory 8372 | -7/Storage | X0-1V1 vaporized surrounding terrain (radius 20) 8426 | -7/Storage | Crushed by falling debris 8433 | -7/Storage | Core integrity fell below 20% 8480 | -7/Storage | X0-1V1 rescued you from certain death 8598 | -7/Storage | First assault squad dispatched 8606 | -7/Storage | Upgraded with Utility slot (x1) 8662 | -7/Storage | X0-1V1 turns hostiles against one another 8933 | -7/Storage | Garrison activated, responded to threat 8965 | -7/Storage | X0-1V1 activates XOMVISION 8976 | -7/Storage | Weapon slot count temporarily expanded by X0-1V1 (+3) 9000 | -7/Storage | Destroyed 7 combat bots 9097 | -7/Storage | High security lockdown imminent 9177 | -7/Storage | High security lockdown engaged 9295 | -7/Storage | X0-1V1 activates XOMVISION 9322 | -7/Storage | Garrison activated, responded to threat 9385 | -7/Storage | Destroyed 11 combat bots 9589 | -7/Storage | X0-1V1 activates XOMVISION 9602 | -7/Storage | X0-1V1 downgraded hostiles (x3) 9607 | -7/Storage | Reached level 19 9650 | -7/Storage | Core integrity restored by X0-1V1 (+174) 9696 | -7/Storage | Identified exit to Recycling 9696 | -7/Storage | X0-1V1 revealed exit location to -7/Recycling 9700 | -7/Storage | X0-1V1 sent allied X-62 Marksman (x5) 9725 | -7/Storage | Sterilization system engaged 9725 | -7/Storage | Non-combat units ordered to evacuate 9776 | -7/Storage | Lost 5 allies 9808 | -7/Storage | X0-1V1 activates XOMVISION 9825 | -7/Storage | Combat units ordered to evacuate 9858 | -7/Storage | X0-1V1 downgraded hostiles (x2) 10025 | -7/Storage | Ambient heat levels rising (+10) 10054 | -7/Storage | Sensors blinded by X0-1V1 10162 | -7/Storage | Entered Recycling 10392 | -7/Recycling | X0-1V1 mutated your Utility slot to Power slot 10479 | -7/Recycling | Sensors blinded by X0-1V1 10497 | -7/Recycling | X0-1V1 added 0b10 threat records associated with you (minor) 10604 | -7/Recycling | Scanned before Scraplab entrance 10620 | -7/Recycling | Identified exit to Scraptown 10620 | -7/Recycling | X0-1V1 revealed exit location to -7/Scraptown 10675 | -7/Recycling | Discovered new exit (range 12) 10873 | -7/Recycling | X0-1V1 activates XOMVISION 11088 | -7/Recycling | X0-1V1 activates XOMVISION 11248 | -7/Recycling | X0-1V1 activates XOMVISION 11266 | -7/Recycling | Entered Scraplab 11329 | -7/Recycling | Build established: Commander-Mutant 11380 | -7/Recycling | Entered Scraptown 11380 | -7/Scraptown | Accompanied by 21 allies 11419 | -7/Scraptown | Turned away by UFD registrar 11426 | -7/Scraptown | Visited SPCMW 11450 | -7/Scraptown | Visited Junk Repository 11459 | -7/Scraptown | Visited CR-KLE's Repair Center 11506 | -7/Scraptown | Discovered new exit (range 13) 11670 | -7/Scraptown | Visited Red Mages 11689 | -7/Scraptown | Visited Spacefarers 11918 | -7/Scraptown | Upgraded with Weapon slot (x2) 12144 | -7/Scraptown | Attacked by Scraptown defenders 12150 | -7/Scraptown | Allies destroyed Triborg 12161 | -7/Scraptown | Visited Sword Containment 12166 | -7/Scraptown | Found Prototype Slashing Weapon 12166 | -7/Scraptown | Identified Companion Sword 12188 | -7/Scraptown | Visited Cartography Club 12201 | -7/Scraptown | Lost 3 allies 12211 | -7/Scraptown | Found Deep Structural Scanner 12237 | -7/Scraptown | X0-1V1 mutated your Weapon slot to Propulsion slot 12288 | -7/Scraptown | Weapon slot count temporarily expanded by X0-1V1 (+1) 12298 | -7/Scraptown | X0-1V1 sent you into danger 12321 | -7/Scraptown | Identified exit to Factory 12321 | -7/Scraptown | X0-1V1 revealed exit location to -5/Factory 12361 | -7/Scraptown | Entered Factory 12362 | -5/Factory | Core integrity fell below 50% 12362 | -5/Factory | Core integrity fell below 20% 12363 | -5/Factory | Reached level 20 12409 | -5/Factory | X0-1V1 added 0b10 threat records associated with you (major) 12450 | -5/Factory | X0-1V1 activates XOMVISION 12487 | -5/Factory | Build established: Mutant 12572 | -5/Factory | Discovered new exit (range 11) 12620 | -5/Factory | Reached level 21 12621 | -5/Factory | X0-1V1 upgraded hostiles (x1) 12657 | -5/Factory | Discovered new exit (range 5) 12786 | -5/Factory | X0-1V1 enhanced Transport squad support 12853 | -5/Factory | X0-1V1 announced a LAN party 13107 | -5/Factory | X0-1V1 activates XOMVISION 13136 | -5/Factory | Core integrity restored by X0-1V1 (+300) 13147 | -5/Factory | Cargo convoy interrupted 13261 | -5/Factory | First assault squad dispatched 13274 | -5/Factory | Core integrity restored by X0-1V1 (+300) 13325 | -5/Factory | Reached level 22 13352 | -5/Factory | X0-1V1 sent hostile P-70 Sage (x3) 13413 | -5/Factory | X0-1V1 sent you into danger 13472 | -5/Factory | Destroyed 9 combat bots 13482 | -5/Factory | System corruption reached 10% 13512 | -5/Factory | Lost 3 parts (3u) 13660 | -5/Factory | X0-1V1 sent hostile X-72 Disruptor (x3) 13794 | -5/Factory | Core integrity restored by X0-1V1 (+525) 13981 | -5/Factory | Build established: Scavenger-Sprinter 14033 | -5/Factory | X0-1V1 activates XOMVISION 14041 | -5/Factory | Identified exit to Upper Caves 14041 | -5/Factory | X0-1V1 revealed exit location to -5/Upper Caves 14093 | -5/Factory | Reached level 23 14100 | -5/Factory | Core integrity restored by X0-1V1 (+420) 14264 | -5/Factory | Core integrity restored by X0-1V1 (+420) 14299 | -5/Factory | Core integrity restored by X0-1V1 (+420) 14333 | -5/Factory | X0-1V1 activates XOMVISION 14371 | -5/Factory | Build established: Sprinter 14390 | -5/Factory | X0-1V1 added 0b10 threat records associated with you (minor) 14578 | -5/Factory | Identified exit to Factory 14578 | -5/Factory | X0-1V1 revealed exit location to -4/Factory 14727 | -5/Factory | High security lockdown imminent 14807 | -5/Factory | High security lockdown engaged 14825 | -5/Factory | X0-1V1 added 0b10 threat records associated with you (considerable) 14826 | -5/Factory | X0-1V1 redirected Transport squads to designated parking area 14845 | -5/Factory | Entered Upper Caves 14850 | -5/Upper Caves | X0-1V1 upgraded hostiles (x1) 14894 | -5/Upper Caves | Entered an active Warlord outpost 14932 | -5/Upper Caves | Identified exit to Upper Caves 15067 | -5/Upper Caves | Murdered 3 allies 15081 | -5/Upper Caves | Spotted B-75 Beast 15110 | -5/Upper Caves | X0-1V1 activates XOMVISION 15143 | -5/Upper Caves | Destroyed B-75 Beast 15451 | -5/Upper Caves | Build established: Scavenger-Mutant 15508 | -5/Upper Caves | X0-1V1 activates XOMVISION 15622 | -5/Upper Caves | Entered another Upper Caves area 15624 | -5/Upper Caves | Reached level 24 15634 | -5/Upper Caves | Upgraded with Utility slot (x1) 15645 | -5/Upper Caves | Discovered exit to Factory (range 3) 15649 | -5/Upper Caves | Learned 4 Factory zone layouts 15748 | -5/Upper Caves | Attracted the attention of an 0b10 base 15766 | -5/Upper Caves | X0-1V1 activates XOMVISION 15788 | -5/Upper Caves | X0-1V1 whisked you away to safety 15853 | -5/Upper Caves | Identified exit to Warlord 15853 | -5/Upper Caves | X0-1V1 revealed exit location to -5/Warlord 15854 | -5/Upper Caves | X0-1V1 sent allied Chaos Knight 2.0 (x1) 15907 | -5/Upper Caves | Learned Factory trap positions 15907 | -5/Upper Caves | Learned Extension security intel 16002 | -5/Upper Caves | X0-1V1 mutated your Propulsion slot to Utility slot 16050 | -5/Upper Caves | Encountered a Master Thief 16050 | -5/Upper Caves | Encountered a Master Thief 16056 | -5/Upper Caves | Encountered a Master Thief 16057 | -5/Upper Caves | Encountered a Master Thief 16060 | -5/Upper Caves | Impulse Thruster Array stolen by Master Thief 16061 | -5/Upper Caves | Impulse Thruster Array stolen by Master Thief 16443 | -5/Upper Caves | Entered Warlord 16443 | -5/Warlord | Accompanied by 1 ally 16444 | -5/Warlord | Identified exit to Proximity Caves 16560 | -5/Warlord | Opened side exit 16572 | -5/Warlord | Attacked by Warlord forces 16590 | -5/Warlord | Destroyed Kikubaaqudgha 16787 | -5/Warlord | Warlord's base attacked by MAIN.C 16822 | -5/Warlord | System corruption reached 30% 16860 | -5/Warlord | X0-1V1 sent hostile B-60 Warrior (x3) 16902 | -5/Warlord | X0-1V1 mutated your Utility slot to Weapon slot 16938 | -5/Warlord | Spotted J7-ORW(B) 16938 | -5/Warlord | Spotted BE-G7T(B) 16938 | -5/Warlord | Spotted B-86 Titan 16938 | -5/Warlord | X0-1V1 sent you into danger 16957 | -5/Warlord | X0-1V1 turns hostiles against one another 16960 | -5/Warlord | Allies destroyed BE-G7T(B) 16985 | -5/Warlord | Found Prototype Device 16985 | -5/Warlord | Identified Minesniffer Drone Bay 17001 | -5/Warlord | X0-1V1 sent hostile Thug (x3) 17006 | -5/Warlord | Lost 3 parts (1n2u) 17012 | -5/Warlord | Lost 4 allies 17024 | -5/Warlord | X0-1V1 opened Sealed Heavy Doors 17031 | -5/Warlord | X0-1V1 sent you into danger 17094 | -5/Warlord | Spotted D4-7SO(g) 17094 | -5/Warlord | Spotted 2E-KDI(g) 17094 | -5/Warlord | X0-1V1 whisked you away to safety 17132 | -5/Warlord | X0-1V1 activates XOMVISION 17137 | -5/Warlord | Warlord forces counterattacked 17226 | -5/Warlord | X0-1V1 sent you into danger 17285 | -5/Warlord | Destroyed D4-7SO(g) 17304 | -5/Warlord | Lost 3 parts (3u) 17325 | -5/Warlord | X0-1V1 sent allied Knight (x1) 17361 | -5/Warlord | Core integrity restored by X0-1V1 (+332) 17380 | -5/Warlord | X0-1V1 activates XOMVISION 17400 | -5/Warlord | Spotted Executioner 17410 | -5/Warlord | Destroyed Executioner 17462 | -5/Warlord | Warlord base infiltrated, sounded retreat 17575 | -5/Warlord | Spotted Striker 17585 | -5/Warlord | X0-1V1 sent allied B-90 Cyclops (x1) 17608 | -5/Warlord | Destroyed Striker 17637 | -5/Warlord | Lost 5 parts (1p1n3u) 17684 | -5/Warlord | X0-1V1 activates XOMVISION 17722 | -5/Warlord | Spotted Striker 17723 | -5/Warlord | Self-destructed Last Messages --------------- 17656_ Acquired 19 matter. 17662_ WAR.Sys disabled. 17672_ System corrupted: Matter fused (-10). 17677_ X0-1V1 brushes you with a corrupting influence (+7 system corruption). 17677_ ANNOUNCEMENT: MAIN.C reinforcements approaching through caves, arriving soon. 17684_ Suggestive images of robots vie for attention in your data streams. 17684_ X0-1V1: "Enjoy your XOMVISION!" Companion Sword: "Good luck to us." 17687_ ANNOUNCEMENT: Detected 1 Demolisher squad, 1 Grunt squad, 1 Swarmer squad, 1 Melee squad, with prototype support. 17692_ System corrupted: Component data lost. 17699_ S-43 Plague destroyed. 17702_ S-27 Virus destroyed. 17706_ X0-1V1 thinks you're pretty cool, for now (+52 heat dissipation). 17706_ Destroyed VTOL Module. 17707_ System corrupted: Matter fused (-7). 17710_ S-27 Virus destroyed. 17715_ Acquired 7 matter. Map ----- +----------------------------------------------------+ | | | | | | | | | | | | | | | | | | | | | | | | | | | | | | | | | | | | | | | #########?????????????????????????????????###????? | | =%#?????????????#####????????????#### ####?? | | ^!%!#??????###????# # ##???????##### # ### | | [%[!########[######;=;!#########""##!## | | !*!="gg=Kgg!! = % /!%%[ [ = %* # #### | | %^=*%!!######!==* ! %=%;|+##+######### =%% # % | | ==!!######* =!! # @= #???????### = %% | | ##### !%!%* + #??????## # [ !% | | * ! ! #" #"##=###### #?=??!!# | | !* ==## ####!%##??# [ #?=????" | | != =## #%=#&!"#??# [[ #?=????" *%= | | ######"[#[*"#??# #?=????" =%!%= | | #????#%%&!="#??########??=!!*# ###=##+### | | #????#"=&%""#????????????????## # %=%[ | | #????##""""##?????????????????### = | | #????######????????????????????# | | #??????????????????????????????# | | #??????????????????????????????# | | #??????????????????????????????# | | #??????????????????????????????# | | ##??????????????????????????????########## | | # ##????????????????????????????????????????? | | # ###?????????????????????????????????????????? | | ?###???????????????????????????????????????????? | | ???????????????????????????????????????????????? | | ? ???????????????????????????????????????????????? | | ?????????????????????????????????????????????????? | | ?????????????????????????????????????????????????? | | ?????????????????//??????????????????????????????? | | ??????????????????]??????????????????????????????? | | ??????????????????]??????????????????????????????? | +----------------------------------------------------+ Best States ------------- Heat Dissipation 173 Energy Generation 46 Energy Capacity 1640 Matter Stores 1000 Matter Capacity 1000 Sight Range 22 Terrain Scan Range 16 Terrain Scan Density 10 Cloak Strength 5 Corruption Block 8 Armor Coverage 1800 Resistance: KI 32 Resistance: TH 45 Power Shielding 33 Propulsion Shielding 33 Utility Shielding 66 Melee Speed Boost 50 Evasion (%) 68 Targeting Accuracy 10 Melee Accuracy 37 Core Analysis 6 Armor Integrity Analysis 40 Recoil Reduction 2 Offensive Hacking 10 Defensive Hacking 5 Item Schematics ----------------- Adv. Melee Analysis Suite | -5/Factory | Scanalyzed Robot Schematics ------------------ None Fabricated ------------ Nothing Repaired ---------- Nothing Studied --------- Lgt. Nuclear Core | -8/Materials | Hacked Alien Tech Used ----------------- None Achievements -------------- Consequences Resistances Are Futile Challenges ------------ None RPGLIKE | -11 -10 -10 -10 -9 -8 -8 -8 -7 -7 -7 -7 -5 -5 -5 -5 --------- Run | Yrd Mat Min Exi Min Mat Gar Mat Fac Sto Rec Scr Fac Upp Upp War Levels Raised 23 | . 5 . 1 . 5 2 1 2 2 . . 4 . 1 . XP Earned 38668 | 3000 7699 1235 147 1400 7107 2521 1275 3873 1982 490 99 6039 552 422 827 XP Spent 37405 | 2570 4800 2000 1900 500 6480 2900 . 3200 3500 . 2125 3630 . 3800 . Upgrades 57 | 8 4 1 2 2 7 1 . 1 1 . 13 16 . 1 . Propulsion Slot 3 | 1 . . 2 . . . . . . . . . . . . Utility Slot 12 | 2 3 1 . . 2 1 . 1 1 . . . . 1 . Weapon Slot 2 | . . . . . . . . . . . 2 . . . . Core Integrity 23 | . . . . . . . . . . . 11 12 . . . Heat Dissipation 5 | 2 . . . . 3 . . . . . . . . . . Energy Generation 2 | 1 . . . . . . . . . . . 1 . . . Mass Support 2 | 1 1 . . . . . . . . . . . . . . Inventory Capacity 3 | 1 . . . . 2 . . . . . . . . . . Melee Accuracy 2 | . . . . 2 . . . . . . . . . . . Hack Attack % 2 | . . . . . . . . . . . . 2 . . . Hack Defense % 1 | . . . . . . . . . . . . 1 . . . Protomatter Created 7601 | . 233 267 . 73 926 255 595 844 1525 711 102 869 446 172 583 Integrity Restored 17332 | . 239 969 . 219 1700 553 1210 1204 3314 1577 165 1989 1308 475 2410 Core 14299 | . 218 969 . 219 939 509 570 1006 2738 950 165 1989 1308 347 2372 Parts 3033 | . 21 . . . 761 44 640 198 576 627 . . . 128 38 Protomatter Decayed 3426 | . . . . . 327 . 270 468 595 121 458 200 . . 987 Game ------ Seed BeamFusionCarapace Manual? 1 Play Time 02:51:25 Cumulative 646.6 hours Start 2026.07.07 @ 12:44:57 End 2026.07.08 @ 13:12:26 Sessions 5 Manual Loads 0 Difficulty Rogue Special Mode Winter2019/RPGLIKE Game No. 258 Rogue 104 Adventurer 154 Explorer 0 Win Type - Total 21 Types 4/4/4/3/2/1/0/1/1/1 Lore% 95 Gallery% 88 Achievement% 65 Wizard Run 0 Options --------- Layout 0 ASCII 0 Keyboard 0 Movement Numpad Keybinds 0 Fullscreen 2 Font 18/SmallcapsGlow Map View 76x50 Zoom Use 0% Tactical HUD 1 Map Filters NONE Filters NONE Steam 1 RUN: d0be1d9a-1737-4b13-bb51-f235ac7a6b3e